 Dungeon Crawl Stone Soup version 0.20.1-1-g8b1a95d (webtiles) character file.

8101 keltmir the Transmogrifier (level 11, -5/94 HPs)
             Began as a Pale Draconian Transmuter on Nov 2, 2017.
             Was a Priest of Makhleb.
             Slain by a two-headed ogre
             ... wielding a +0 great mace
              (14 damage)
             ... on level 9 of the Dungeon.
             The game lasted 01:10:06 (13121 turns).

keltmir the Transmogrifier (DrTm)                  Turns: 13121, Time: 01:10:08

Health: -5/94      AC:  7    Str: 13    XL:     11   Next: 5%
Magic:  17/17      EV: 13    Int: 17    God:    Makhleb [***...]
Gold:   568        SH:  0    Dex: 11    Spells: 9/18 levels left

rFire    . . .     SeeInvis .     - Unarmed
rCold    . . .     Gourm    .   (no shield)
rNeg     . . .     Faith    .   (armour unavailable)
rPois    .         Spirit   .   (helmet restricted)
rElec    .         Reflect  .   (no cloak)
rCorr    .         Harm     .   (no gloves)
MR       .....                  (no boots)
Stlth    +.........             (no amulet)
Regen    0.3/turn               (no ring)
MPRegen  0.2/turn               (no ring)

@: about to teleport
A: breathe steam, unfitting armour, cold-blooded, AC +7
a: Breathe Steam, Minor Destruction, Lesser Servant of Makhleb, Renounce
Religion


You were on level 9 of the Dungeon.
You worshipped Makhleb.
Makhleb was most pleased with you.
You were not hungry.

You visited 2 branches of the dungeon, and saw 11 of its levels.

You collected 568 gold pieces.

Inventory:

Hand Weapons
 D - a cursed -3 blowgun
Missiles
 a - 125 arrows
 e - 38 poisoned needles
 u - 3 curare-tipped needles
 B - 3 tomahawks of returning (quivered)
Armour
 m - a +0 pair of boots
 z - a +0 pair of boots
Jewellery
 h - an uncursed ring of flight {unknown}
 y - an uncursed amulet of regeneration {unknown}
 F - the ring of Jurolaon {rElec MR+ Dex-4 SInv Stlth+, unknown}
   (You found it on level 7 of the Dungeon)

   [ring of see invisible]

   It affects your dexterity (-4).
   It insulates you from electricity.
   It affects your resistance to hostile enchantments.
   It lets you see invisible.
   It makes you more stealthy.
Wands
 E - a wand of polymorph (7/24)
Scrolls
 f - 2 scrolls of teleportation
 g - 2 scrolls of recharging
 n - a scroll of immolation
 o - a scroll of fog
 t - 3 scrolls of enchant weapon
 v - a scroll of magic mapping
 H - 2 scrolls of remove curse {unknown}
 I - a scroll of enchant armour {unknown}
 K - a scroll of amnesia {unknown}
Potions
 c - 4 potions of cancellation
 i - a potion of haste
 l - a potion of invisibility {unknown}
 p - a potion of lignification {unknown}
 s - 2 potions of flight
 w - 3 potions of curing
 x - 2 potions of resistance
 A - 2 potions of brilliance {unknown}
 C - a potion of mutation {unknown}
 G - a potion of magic
 J - a potion of might
 L - a potion of heal wounds {unknown}
Books
 b - a book of Changes

   Spells                             Type                      Level
   a - Beastly Appendage              Transmutation                1
   b - Sticks to Snakes               Transmutation                2
   c - Spider Form                    Transmutation/Poison         3
   d - Ice Form                       Ice/Transmutation            4
   e - Blade Hands                    Transmutation                5
Comestibles
 d - a fruit
 j - 4 meat rations
 k - 3 bread rations
 q - 8 royal jellies
 r - 3 chunks of flesh


   Skills:
 + Level 7.9 Fighting
 + Level 4.0 Dodging
 * Level 9.0 Unarmed Combat
 + Level 4.1 Spellcasting
 + Level 11.7 Transmutations


You had 9 spell levels left.
You knew the following spells:

 Your Spells              Type           Power        Failure   Level  Hunger
a - Beastly Appendage     Tmut           #####.       1%          1    None
b - Spider Form           Tmut/Pois      ###.......   4%          3    ###....
c - Blade Hands           Tmut           #####.....   3%          5    ######.


Dungeon Overview and Level Annotations

Branches:
Dungeon (10/15)            Temple (1/1) D:5            Lair (0/6) D:9
    Orc: D:9-12

Altars:
Ashenzari
Cheibriados
Dithmenos
Elyvilon
Fedhas
Gozag
Hepliaklqana
Kikubaaqudgha
Makhleb
Okawaru
Qazlal
Ru
Sif Muna
Uskayaw
Vehumet
Yredelemnul
Zin
The Shining One

Annotations:
D:10 Nergalle


Innate Abilities, Weirdness & Mutations

You can breathe blasts of scalding, opaque steam.
Your pale cyan-grey scales are hard. (AC +7)
You cannot fit into any form of body armour.
You are cold-blooded and may be slowed by cold attacks.


Message History

Found a potion of curing.
There is a stone staircase leading up, spattered with blood here.
The two-headed ogre closely misses you.
The two-headed ogre completely misses you.
The ogre mage hits you from afar with a spear.
The two-headed ogre hits you with a great mace!
The two-headed ogre hits you with a giant club!!
The two-headed ogre hits you but does no damage.
The two-headed ogre hits you with a dire flail!
* * * LOW HITPOINT WARNING * * *
You climb upwards.
There is a stone staircase leading down here.
Okay, then.
As you read the scroll of teleportation, it crumbles to dust.
You feel strangely unstable.
The two-headed ogre completely misses you.
The two-headed ogre hits you with a giant club!!
* * * LOW HITPOINT WARNING * * *
The two-headed ogre hits you with a great mace!
You die...

# .... .# ######## ..... .#
#......# ..... .#
##O@....##..... .#
####..O.O...#......
.########.....#......#......
..........#####.............
#........# ###.......#.....
........####.........## ####
.....................#
.....................###
.........##.#..#.......##


You could see 3 two-headed ogres.

Vanquished Creatures
  2 two-headed ogres
  Pikel (D:7)
  The ghost of Supahsalami the Geomancer, a novice GrEE (D:6)
  A troll (D:9)
  A queen bee (D:9)
  3 hippogriffs
  Duvessa (D:6)
  2 ice beasts
  A slave (D:7)
  A sky beast (D:8)
  Purgy (D:3)
  6 orc warriors
  3 black bears
  A phantom (D:8)
  3 ogres
  A centaur (D:7)
  2 crocodiles (D:9)
  A big kobold (D:7)
  5 bullfrogs
  Dowan (D:6)
  A scorpion (D:3)
  21 killer bees
  A jelly (D:5)
  4 wights
  2 howler monkeys (D:9)
  4 crimson imps
  4 bullfrog zombies
  3 hounds
  A human zombie (D:4)
  3 bullfrog skeletons
  6 orc priests
  12 orc wizards
  4 iguanas
  7 worker ants
  A worker ant zombie (D:7)
  4 gnolls
  8 adders
  3 shadow imps
  2 oozes
  An adder skeleton (D:4)
  An adder zombie (D:6)
  4 worms
  3 dart slugs
  6 leopard geckos
  35 orcs
  8 giant cockroaches
  7 goblins
  10 hobgoblins
  3 jackals
  7 quokkas
  4 ball pythons
  10 bats
  6 frilled lizards
  2 jackal skeletons
  12 kobolds
  9 rats
  2 fungi (D:9)
259 creatures vanquished.

Vanquished Creatures (others)
  19 fungi (D:9)
19 creatures vanquished.

Grand Total: 278 creatures vanquished

Notes
Turn   | Place    | Note
-------+----------+-------------------------------------------
     0 | D:1      | keltmir the Draconian Transmuter began the quest for the Orb.
     0 | D:1      | Reached XP level 1. HP: 16/16 MP: 3/3
   360 | D:1      | Reached XP level 2. HP: 22/23 MP: 3/5
   415 | D:1      | Reached skill level 3 in Transmutations
   807 | D:1      | Reached XP level 3. HP: 27/28 MP: 4/6
   812 | D:1      | Learned a level 3 spell: Spider Form
  1404 | D:2      | Reached skill level 4 in Transmutations
  1841 | D:3      | Found an iron altar of Okawaru.
  1952 | D:3      | Reached XP level 4. HP: 35/35 MP: 3/7
  2486 | D:2      | Found a stormy altar of Qazlal.
  2486 | D:2      | Found an ancient bone altar of Kikubaaqudgha.
  2962 | D:3      | Noticed Purgy
  3097 | D:3      | Reached skill level 5 in Transmutations
  3441 | D:4      | Reached XP level 5. HP: 40/40 MP: 4/8
  3517 | D:4      | Found a runed door.
  3517 | D:4      | Noticed a human
  3539 | D:4      | Found a basalt altar of Yredelemnul.
  3702 | D:4      | Reached skill level 6 in Transmutations
  3705 | D:4      | Noticed an ogre
  3880 | D:3      | Killed Purgy
  3880 | D:3      | Reached XP level 6. HP: 28/47 MP: 5/9
  4377 | D:5      | Entered Level 5 of the Dungeon
  4391 | D:5      | Reached skill level 7 in Transmutations
  4623 | D:4      | Your scales start taking on a pale cyan-grey colour.
  4623 | D:4      | Reached XP level 7. HP: 21/52 MP: 6/10
  4817 | D:4      | Found a deep blue altar of Sif Muna.
  5790 | D:5      | Found a staircase to the Ecumenical Temple.
  5799 | Temple   | Entered the Ecumenical Temple
  5812 | Temple   | Became a worshipper of Makhleb the Destroyer
  5959 | D:6      | Reached skill level 8 in Transmutations
  6154 | D:6      | Reached XP level 8. HP: 63/63 MP: 5/11
  6606 | D:6      | Noticed Supahsalami's ghost (novice GrEE)
  7030 | D:6      | Reached skill level 9 in Transmutations
  7258 | D:7      | Found a glowing silver altar of Zin.
  7398 | D:7      | Learned a level 5 spell: Blade Hands
  7407 | D:6      | Killed Supahsalami's ghost
  7407 | D:6      | Reached skill level 5 in Unarmed Combat
  7827 | D:6      | Reached * piety under Makhleb
  8073 | D:7      | Got a transparent amber ring
  8107 | D:7      | Reached skill level 5 in Fighting
  8107 | D:7      | Reached XP level 9. HP: 28/74 MP: 6/12
  8331 | D:7      | Reached skill level 10 in Transmutations
  8575 | D:6      | Noticed Duvessa
  8596 | D:6      | Killed Duvessa
  8872 | D:6      | Noticed Dowan
  8954 | D:6      | Killed Dowan
  9058 | D:6      | Found a blossoming altar of Fedhas.
  9528 | D:8      | Found a sacrificial altar of Ru.
  9657 | D:7      | Noticed Pikel
  9672 | D:7      | Killed Pikel
  9672 | D:7      | Reached skill level 11 in Transmutations
  9943 | D:7      | Reached ** piety under Makhleb
 10045 | D:7      | Found a shadowy altar of Dithmenos.
 10691 | D:8      | Reached XP level 10. HP: 84/84 MP: 9/13
 10859 | D:8      | Noticed a two-headed ogre
 10874 | D:8      | Killed a two-headed ogre
 11112 | D:8      | Found a shadowy altar of Dithmenos.
 11599 | D:8      | Found a glowing golden altar of the Shining One.
 11647 | D:9      | Reached *** piety under Makhleb
 12879 | D:10     | Entered Level 10 of the Dungeon
 12879 | D:10     | Noticed Nergalle
 12894 | D:9      | Found a staircase to the Lair.
 13050 | D:9      | Noticed a two-headed ogre
 13062 | D:9      | Killed a two-headed ogre
 13062 | D:9      | Reached XP level 11. HP: 88/94 MP: 11/17
 13118 | D:10     | Noticed an ogre mage
 13118 | D:10     | Noticed a two-headed ogre
 13118 | D:10     | Noticed a two-headed ogre
 13118 | D:10     | Noticed a two-headed ogre
 13118 | D:10     | Noticed a two-headed ogre
 13118 | D:10     | Noticed a two-headed ogre
 13121 | D:9      | Slain by a two-headed ogre

Skill      XL: |  1  2  3  4  5  6  7  8  9 10 |
---------------+-------------------------------+-----
Transmutations | 3 4 5 6 7 8 9 11 | 11.7
Fighting       | 3 5 6 7 |  7.9
Unarmed Combat | 4 5 7 9 |  9.0
Dodging        | 2 4 |  4.0
Spellcasting   | 4 |  4.1

Action                   |  1- 3 |  4- 6 |  7- 9 | 10-12 || total
-------------------------+-------+-------+-------+-------++-------
Melee: Unarmed           |   153 |   146 |   316 |   115 ||   730
       Tailslap          |    14 |     1 |    10 |     9 ||    34
       Kick              |     1 |       |       |     1 ||     2
       Headbutt          |     2 |       |       |     2 ||     4
       Punch             |     1 |       |     1 |     2 ||     4
Throw: Tomahawk          |       |       |       |     2 ||     2
 Cast: Beastly Appendage |    14 |       |     7 |     5 ||    26
       Spider Form       |     5 |    24 |    44 |     6 ||    79
       Blade Hands       |       |       |     4 |    11 ||    15
 Abil: Breathe Steam     |       |       |    32 |    30 ||    62
       End Transformatio |       |       |       |     2 ||     2
  Use: Scroll            |     3 |     3 |     7 |     3 ||    16
       Potion            |       |       |     3 |       ||     3
 Stab: Sleeping          |     1 |     2 |       |       ||     3
  Eat: Bread ration      |     1 |       |       |       ||     1
       Chunk             |       |    11 |    24 |     8 ||    43
       Fruit             |       |       |     4 |     1 ||     5
       Royal jelly       |       |       |     2 |     1 ||     3
       Meat ration       |       |       |       |     1 ||     1
Armor: Skin              |    67 |    17 |    43 |    27 ||   154
Dodge: Dodged            |   111 |   136 |   227 |    95 ||   569
